 Dungeon Crawl Stone Soup version 0.30-a0-137-gd8773701ce (webtiles) character file.

Game seed: 10807088087162869144

255 jimonade the Conjurer (level 5, -3/28 HPs)
             Began as a Deep Elf Conjurer on Sept 21, 2022.
             Slain by a gnoll
             ... wielding a +0 club
             ... led by a gnoll bouda
              (6 damage)
             ... on level 3 of the Dungeon.
             The game lasted 00:07:10 (3251 turns).

jimonade the Conjurer (Deep Elf Conjurer)           Turns: 3251, Time: 00:07:11

Health: -3/28      AC:  3    Str:  4    XL:     5   Next: 91%
Magic:  8/14       EV: 12    Int: 25    God:
Gold:   141        SH:  0    Dex: 13    Spells: 11/14 levels left

rFire   . . .      SeeInvis .    a - staff of poison
rCold   . . .      Faith    .    (no shield)
rNeg    . . .      Spirit   .    e - +0 robe
rPois   +          Reflect  .    (no helmet)
rElec   .          Harm     .    k - +0 cloak
rCorr   .          Rampage  .    (no gloves)
Will    .....                    (no boots)
Stlth   ++........               (no amulet)
HPRegen 0.09/turn                (no ring)
MPRegen 0.14/turn                (no ring)

@: no status effects
A: no striking features
a: no special abilities


You were on level 3 of the Dungeon.
You visited 1 branch of the dungeon, and saw 4 of its levels.

You collected 141 gold pieces.

Inventory:

Hand Weapons
 i - a +0 sling
Missiles
 p - 3 atropa-tipped darts
 q - 4 poisoned darts
Armour
 e - a +0 robe (worn)
 k - a +0 cloak (worn)
Magical Staves
 a - a staff of poison (weapon)
 s - a staff of cold
Scrolls
 c - a scroll of silence {unknown}
 d - 6 scrolls of identify {unknown}
 g - a scroll of noise {unknown}
 l - 2 scrolls of teleportation {unknown}
 n - a scroll of enchant armour {unknown}
 o - a scroll of poison {unknown}
 t - a scroll of magic mapping {unknown}
Potions
 b - a potion of magic
 f - a potion of curing {unknown}
 h - 2 potions of might {unknown}
 j - a potion of invisibility {unknown}
 m - a potion of degeneration {unknown}
 r - 2 potions of lignification {unknown}


   Skills:
 - Level 2.4 Dodging
 - Level 2.4 Stealth
 + Level 5.2 Spellcasting
 + Level 7.0 Conjurations
 * Level 0.4 Transmutations


You had 11 spell levels left.
You knew the following spells:

 Your Spells              Type           Power      Damage    Failure   Level
a - Magic Dart            Conj           100%       1d8       1%          1
b - Searing Ray           Conj           82%        2d7       1%          2

Your spell library contained the following spells:

 Spells                   Type           Power      Damage    Failure   Level
 Dazzling Flash           Conj/Hex       48%        N/A       6%          3
 Stone Arrow              Conj/Erth      48%        3d10      6%          3
 Sandblast                Erth           12%        2d6       9%          1
 Mephitic Cloud           Conj/Pois/Air  27%        N/A       10%         3
 Passwall                 Tmut/Erth      5%         N/A       11%         2
 Fulminant Prism          Conj/Hex       12%        3d9       19%         4
 Iskenderun's Mystic Bla  Conj/Tloc      24%        2d7       19%         4
 Ignite Poison            Fire/Tmut/Pois 10%        N/A       22%         3
 Freezing Cloud           Conj/Ice/Air   9%         6-21      65%         5


Dungeon Overview and Level Annotations

Branches:
Dungeon (4/15)
 Temple: D:4-7

Altars:
Elyvilon
Xom


Message History

Unknown command.
Unknown command.
Done exploring.
There is a stone staircase leading down here.
You climb downwards.
The gnoll barely misses you. The gnoll hits you with a +0 club.
The gnoll closely misses you. The gnoll hits you with a +0 club.
There is a stone staircase leading up here.
The gnoll hits you with a +0 club. The gnoll barely misses you.
You climb upwards.
There is a stone staircase leading down here.
Casting: Searing Ray (safe; 1% risk of failure)
Confirm with . or Enter, or press ? or * to list all spells.
Okay, then.
The gnoll hits you but does no damage.
Casting: Searing Ray (safe; 1% risk of failure)
Confirm with . or Enter, or press ? or * to list all spells.
Aiming: Searing Ray (safe; 1% risk of failure)
Press: ? - help, Shift-Dir - straight line, f - gnoll
Aim: a gnoll, wielding a +0 club (84% to hit)
The searing ray hits the gnoll.
The gnoll is heavily wounded. (Press . to maintain the ray.)
The gnoll misses you. The gnoll hits you with a +0 club.
The searing ray misses the gnoll.
The gnoll barely misses you. The gnoll hits you with a +0 club.
* * * LOW HITPOINT WARNING * * *
The searing ray hits the gnoll!
You kill the gnoll!
The gnoll hits you with a +0 club.
* * * LOW HITPOINT WARNING * * *
Casting: Searing Ray (safe; 1% risk of failure)
Confirm with . or Enter, or press ? or * to list all spells.
Restarting spell: Searing Ray (safe; 1% risk of failure)
Press: ? - help, Shift-Dir - straight line, f - gnoll
Aim: a gnoll, wielding a +0 club (84% to hit)
The searing ray misses the gnoll. (Press . to maintain the ray.)
The gnoll hits you with a +0 club.
You die...

...#....###'####.# #.####.# #.
#..#....##....##.# #.# #.####
#. #..#..........##.# #.#
#....# #.
#..#....##....##.###.# #.##.#
#.
#..#.........#.......#######.#
#.
#..#....##........##...§≈≈...#
#.
#..#....##........############
#. #..#....##)....)g># #.
#..#....##......@^# ### #.
#..'....##........# #.# #.
#..#....##........# #.# #.
#..#....########### #.# #.
#..#....# #.######. ...#....#
#........ ...#....# #########
####....# ........#


You could see a gnoll.

Vanquished Creatures
  A bullfrog (D:3)
  A gnoll bouda (D:4)
  An orc wizard (D:3)
  5 gnolls
  2 adders (D:2)
  2 worms (D:2)
  6 orcs (D:3)
  4 endoplasms
  5 goblins (D:1)
  5 hobgoblins
  8 jackals (D:3)
  4 kobolds
  4 ball pythons
  7 bats
  4 frilled lizards
  4 rats
63 creatures vanquished.

Notes
Turn   | Place    | Note
-------+----------+-------------------------------------------
     0 | D:1      | jimonade the Deep Elf Conjurer began the quest for the Orb.
     0 | D:1      | Reached XP level 1. HP: 10/10 MP: 6/6
   228 | D:1      | Reached XP level 2. HP: 15/15 MP: 4/8
   318 | D:1      | Reached skill level 5 in Conjurations
   834 | D:2      | Reached XP level 3. HP: 19/19 MP: 4/9
  1338 | D:2      | Found a faded altar of an unknown god.
  1814 | D:3      | Learned a level 2 spell: Searing Ray
  1882 | D:3      | Reached XP level 4. HP: 24/24 MP: 7/11
  2163 | D:3      | Found a shimmering altar of Xom.
  2206 | D:3      | Reached skill level 6 in Conjurations
  2528 | D:3      | Reached XP level 5. HP: 28/28 MP: 1/13
  2624 | D:3      | Found a white marble altar of Elyvilon.
  3176 | D:4      | Reached skill level 5 in Spellcasting
  3182 | D:4      | Reached skill level 7 in Conjurations
  3251 | D:3      | Slain by a gnoll

Illustrated notes

Levels and vault maps discovered:
D:1:      shiori_arrival_oz, layout_rooms
D:2:      layout_basic, shapermc_ecumenical_altar_mp_ritualfount
D:3:      layout_basic, mainiacjoe_overflow_concentric_impassable,
          mainiacjoe_overflow_surrounded_room, corexii_corridor_pit
D:4:      kennysheep_big_flooded_room, layout_layer_cave,
          general_overflow_altar, minmay_temple_entry_arrows,
          chequers_serial_rivers_micro_b, minmay_ruined_shrine

Skill      XL: |  1  2  3  4  5 |
---------------+----------------+-----
Conjurations   | 5 6 7 |  7.0
Spellcasting   | 4 5 |  5.2
Dodging        | |  2.4
Stealth        | |  2.4
Transmutations | |  0.4

Action                   |  1- 3 |  4- 6 || total
-------------------------+-------+-------++-------
 Cast: Magic Dart        |    72 |    32 ||   104
       Searing Ray       |     2 |    12 ||    14
Armor: Robe              |     1 |     1 ||     2
Dodge: Dodged            |     4 |     5 ||     9

Table legend: (Time is in decaauts)
 A = Elapsed time spent in this place.
 B = Non-inter-level travel time spent in this place.
 C = Inter-level travel time spent in this place.
 D = Time resting spent in this place.
 E = Time spent auto-exploring this place.
 F = Levels seen in this place.
 G = Mean time per level.
                   A        B        C        D        E       F      G
               +--------+--------+--------+--------+--------+-----+--------+
         Total |   3251 |   3179 |     72 |     85 |   2728 |   4 |  812.8 |
       Dungeon |   3251 |   3179 |     72 |     85 |   2728 |   4 |  812.8 |
               +--------+--------+--------+--------+--------+-----+--------+

Top non-repeatable levels by time:
     D:3: 1452 daAuts
     D:2: 987 daAuts
     D:1: 791 daAuts
     D:4: 20 daAuts
